 Dungeon Crawl Stone Soup version 0.31.0-11-ge490571c62 (webtiles) character file.

Game seed: 11298659028362117565

232 browni3141 the Chopper (level 5, 0/43 HPs)
             Began as a Minotaur Fighter on Jan 28, 2024.
             Was an Initiate of Okawaru.
             Slain by an orc priest
             ... wielding a +0 war axe
              (4 damage)
             ... on level 5 of the Dungeon.
             The game lasted 00:01:08 (2213 turns).

browni3141 the Chopper (Minotaur Fighter)           Turns: 2213, Time: 00:01:09

Health: 0/43       AC:  9    Str: 21    XL:     5   Next: 73%
Magic:  4/4        EV:  7    Int:  5    God:    Okawaru [......]
Gold:   189        SH:  0    Dex:  9    Spells: 4/4 levels left

rFire   . . .        a - +0 war axe
rCold   . . .        c - +0 buckler
rNeg    . . .        o - +0 chain mail
rPois   .            (helmet restricted)
rElec   .            (no cloak)
rCorr   .            (no gloves)
SInv    .            (no boots)
Will    .....        (no amulet) Stlth
                     (no ring)
HPRegen 0.27/turn    (no ring)
MPRegen 0.09/turn

%: no passive effects
@: confused
A: horns 2, retaliatory headbutt, deterioration 1, frail 1, weak 1
a: Renounce Religion


You were on level 5 of the Dungeon.
You worshipped Okawaru.
Okawaru was noncommittal.
You visited 2 branches of the dungeon, and saw 6 of its levels.

You collected 189 gold pieces.

Inventory:

Hand Weapons
 a - a +0 war axe (weapon)
Armour
 b - a +0 scale mail
 c - a +0 buckler (worn)
 o - a +0 chain mail (worn)
Jewellery
 t - a ring of see invisible
Wands
 s - a wand of quicksilver (11)
Scrolls
 i - a scroll of brand weapon {unknown}
 k - a scroll of teleportation {unknown}
 m - a scroll of summoning {unknown}
 n - 2 scrolls of revelation {unknown}
 p - a scroll of enchant armour {unknown}
 q - a scroll of enchant weapon {unknown}
 r - 2 scrolls of noise {unknown}
Potions
 d - a potion of might
 e - 2 potions of mutation
 f - a potion of heal wounds {unknown}
 g - a potion of cancellation {unknown}
 h - 2 potions of lignification {unknown}
 j - a potion of degeneration {unknown}
 l - 4 potions of curing {unknown}


   Skills:
 + Level 5.4 Fighting
 * Level 6.1 Axes
 - Level 3.6 Armour
 - Level 3.6 Shields


You had 4 spell levels left.
You didn't know any spells.
Your spell library contained the following spells:

 Spells                   Type           Power      Damage    Failure   Level
 Freeze                   Ice            0%         1d3       99%         1
 Frozen Ramparts          Ice            0%         1d1       100%        3
 Hailstorm                Conj/Ice       0%         3d5       100%        3
 Inner Flame              Hex/Fire       0%         N/A       100%        3
 Ozocubu's Armour         Ice            0%         N/A       100%        3
 Irradiate                Conj/Alch      0%         3d11      100%        5
 Metabolic Englaciation   Hex/Ice        0%         N/A       100%        5
 Ignition                 Fire           0%         3d3       100%        8
 Sculpt Simulacrum        Ice/Alch       Unusable   N/A       N/A         6

Dungeon Overview and Level Annotations

Branches:
Dungeon (5/15)             Temple (1/1) D:4

Altars:
Ashenzari
Dithmenos
Fedhas
Gozag
Hepliaklqana
Kikubaaqudgha
Makhleb
Nemelex Xobeh
Okawaru
Qazlal
Ru
Trog
Uskayaw
Vehumet
Xom
Yredelemnul
Zin


Innate Abilities, Weirdness & Mutations

You have a pair of horns on your head.
You reflexively headbutt those who attack you in melee.
Your body sometimes deteriorates upon taking damage.
You are frail. (-10% HP)
You are weak. (Str -2)


Message History

The hound barely misses you.
A hound is nearby!
A hound is nearby!
You closely miss the hound. The hound bites you.
The hound bites you but does no damage.
You slash the hound! Your headbutt misses the hound.
The hound is heavily wounded.
The hound stops to sniff the ground.
The hound bites you but does no damage.
You hit the hound.
The hound is severely wounded.
The hound closely misses you. You furiously retaliate!
You headbutt the hound, but do no damage.
The hound barely misses you.
You slash the hound!
You kill the hound!
Okawaru accepts your kill.
You see here a hound corpse.
Key pressed, stopping explore.
No target in view!
Found a stone staircase leading down.
There is a stone staircase leading down here.
You see here a +0 pair of gloves.
l - 4 fizzy green potions (gained 1)
t - a ring of see invisible You now have 189 gold pieces (gained 7).
An orc and 2 orc wizards come into view.
The orc wizard shouts! x2
An orc priest comes into view. It is wielding a +0 war axe.
The orc wizard points at you and mumbles some strange words.
The magic dart hits you.
The orc priest shouts!
There are monsters nearby!
You barely miss the orc wizard. You headbutt the orc wizard!
The orc wizard is severely wounded.
You barely miss the orc.
The orc priest looks braver for a moment.
The orc wizard casts a spell.
The orc wizard flickers and vanishes!
Deactivating autopickup; reactivate with Ctrl-A.
You block the orc's attack. The orc wizard casts a spell at you.
The puff of flame hits you! The orc hits you but does no damage.
You block the orc wizard's attack.
You closely miss the orc wizard. You headbutt the orc wizard.
The orc wizard is almost dead.
You miss something. You closely miss the orc.
The orc wizard hits you with a +0 dagger.
Something hits you. The orc barely misses you.
You barely miss the orc wizard. You headbutt the orc wizard.
You kill the orc wizard!
Okawaru accepts your kill.
You miss something. You hit the orc.
You hear some strange, mumbled words.
You are confused.
The orc hits you with a +0 club.
Your Axes skill increases to level 6!
You closely miss the orc.
The orc is almost dead.
You miss something. You closely miss the orc priest.
The orc priest hits you with a +0 war axe.
The orc hits you with a +0 club. Something hits you.
You are too confused!
You're too confused to move!
The orc priest calls upon Beogh to heal the orc.
The orc is healed somewhat.
Something completely misses you. The orc hits you with a +0 club.
You are too confused!
You miss the orc priest. You miss something. You barely miss the orc.
The orc priest hits you but does no damage.
You hear some strange, mumbled words.
You are more confused.
The orc hits you with a +0 club. The orc hits you but does no damage.
Something completely misses you.
The orc priest hits you but does no damage.
You are too confused!
You hit the orc priest.
The orc priest is moderately wounded.
You completely miss something. You hit the orc.
The orc priest barely misses you.
You hear some strange, mumbled words.
A magic dart appears from out of thin air!
The magic dart hits you! The orc hits you but does no damage.
You bump into the rock wall.
The orc priest hits you with a +0 war axe.
Something hits you but does no damage. The orc hits you but does no damage.
The orc hits you but does no damage.
The orc priest attacks as it pursues you!
The orc priest hits you with a +0 war axe.
You miss the orc priest. Your headbutt misses the orc priest.
The orc priest is moderately wounded.
You barely miss something. You miss the orc.
Something hits you but does no damage.
The orc priest casts a cantrip, but nothing happens.
The orc closely misses you.
It was a potion of mutation.
You feel extremely strange.
You feel frail.
You feel weaker.
You feel yourself wasting away. Something hits you but does no damage.
The orc priest hits you with a +0 war axe.
You die...

#.. ...##...# #⌠...⌠#
#.. ...##...# ##...###
###..##...# #...##8
....8##+#####......
#...##.....#8......
#####...##.....##......
.......)##.....###8###8
####{oo8#.....#### ##
#....@.##.......######
#.....................
#......###############
#....#.. #....#..#
#....#..# #....#.?#
#....#..# #.


You could see an orc priest and an orc.

Vanquished Creatures
  A howler monkey (D:4)
  2 hounds
  An orc wizard (D:5)
  2 adders
  3 gnolls (D:4)
  5 orcs
  4 endoplasms
  2 giant cockroaches
  6 hobgoblins
  5 kobolds
  3 quokkas
  8 ball pythons
  A frilled lizard (D:1)
  7 goblins
  4 rats
54 creatures vanquished.

Notes
Turn   | Place    | Note
-------+----------+-------------------------------------------
     0 | D:1      | browni3141 the Minotaur Fighter began the quest for the
                  | Orb.
     0 | D:1      | Reached XP level 1. HP: 19/19 MP: 0/0
   149 | D:1      | Reached skill level 3 in Axes
   151 | D:1      | Reached XP level 2. HP: 25/27 MP: 1/1
   463 | D:2      | Reached XP level 3. HP: 32/33 MP: 2/2
   700 | D:3      | Reached skill level 4 in Axes
  1232 | D:4      | Reached XP level 4. HP: 21/41 MP: 3/3
  1389 | D:4      | Found a sacrificial altar of Ru.
  1401 | D:4      | Reached skill level 5 in Axes
  1426 | D:4      | Found a staircase to the Ecumenical Temple.
  1436 | Temple   | Entered the Ecumenical Temple
  1446 | Temple   | Became a worshipper of Warmaster Okawaru
  1536 | D:4      | Reached skill level 5 in Fighting
  1536 | D:4      | Reached XP level 5. HP: 44/48 MP: 4/4
  2128 | D:5      | Entered Level 5 of the Dungeon
  2206 | D:5      | Reached skill level 6 in Axes
  2213 | D:5      | Gained mutation: You are frail. (-10% HP) [potion of
                  | mutation]
  2213 | D:5      | Gained mutation: You are weak. (Str -2) [potion of
                  | mutation]
  2213 | D:5      | Gained mutation: Your body sometimes deteriorates upon
                  | taking damage. [potion of mutation]
  2213 | D:5      | Slain by an orc priest

Illustrated notes

Levels and vault maps discovered:
D:1:      matt_arrival_spirals, layout_rooms, minmay_shallow_snake_nest
D:2:      kennysheep_six_static_rooms, layout_basic, basic_altar,
          uniq_crazy_yiuf_cottage
D:3:      layout_basic
D:4:      layout_rooms, mainiacjoe_overflow_surrounded_room,
          minmay_temple_entry_glassed_door, dreamdust_princess_bridge,
          interstate_on_off, nicolae_figureground_pulse
D:5:      layout_basic, serial_corexii_hall, chequers_hall_statues_y,
          chequers_hall_statues_corner_a, chequers_hall_statues_wall_a,
          corexii_hall_statues_s, uniq_pikel
Temple:   nicolae_temple_x_marks_the_god

Skill      XL: |  1  2  3  4  5 |
---------------+----------------+-----
Axes           | 3 4 5 6 |  6.1
Fighting       | 4 5 |  5.4
Armour         | |  3.6
Shields        | |  3.6

Action                     |  1- 3 |  4- 6 || total
---------------------------+-------+-------++-------
  Melee: War axe           |    86 |    44 ||   130
         Headbutt          |     8 |     8 ||    16
    Use: Potion            |       |     1 ||     1
 Armour: Scale mail        |    49 |       ||    49
         Chain mail        |    11 |    49 ||    60
  Dodge: Dodged            |    45 |    27 ||    72
  Block: Buckler           |    14 |     7 ||    21
